 Dungeon Crawl Stone Soup version 0.22.1 (webtiles) character file.

24726 MalarOregon the Cleaver (level 13, -1/116 HPs)
             Began as a Hill Orc Fire Elementalist on Sept 19, 2018.
             Was a High Priest of Qazlal.
             Slain by a seven-headed hydra (2 damage)
             ... on level 3 of the Lair of Beasts.
             The game lasted 01:00:09 (16288 turns).

MalarOregon the Cleaver (HOFE)                     Turns: 16288, Time: 01:00:10

Health: -1/116     AC: 18    Str: 12    XL:     13   Next: 15%
Magic:  18/20      EV: 26    Int: 19    God:    Qazlal [*****.]
Gold:   799        SH:  7    Dex: 11    Spells: 10/22 levels left

rFire    . . .     SeeInvis +   F - +4 hand axe (freeze)
rCold    . . .     Gourm    .   (no shield)
rNeg     . . .     Faith    .   A - +2 ring mail "Zanesu" {rElec}
rPois    +         Spirit   .   (no helmet)
rElec    +         Reflect  .   j - +2 cloak
rCorr    .         Harm     .   s - +0 pair of gloves
MR       .....                  g - +0 pair of boots
Stlth    +.........             B - amulet of the acrobat
HPRegen  0.29/turn              f - ring of poison resistance
MPRegen  0.17/turn              z - ring of see invisible

@: protected from physical damage, repel missiles
A: no striking features
a: Upheaval, Elemental Force, Disaster Area, Renounce Religion


You were on level 3 of the Lair of Beasts.
You worshipped Qazlal.
Qazlal was extremely pleased with you.
You were not hungry.

You visited 3 branches of the dungeon, and saw 16 of its levels.
You also visited: Bailey.

You collected 799 gold pieces.

Inventory:

Hand Weapons
 c - a +2 whip of freezing
   (You took it off Pikel on level 6 of the Dungeon)
 F - a +4 hand axe of freezing (weapon)
   (You took it off a wight on level 12 of the Dungeon)
 I - the +2 hand crossbow of Quick Death {elec, Int+5}
   (You took it off a kobold in a bailey)

   It charges the ammunition it shoots with electricity; occasionally upon a
   hit, such missiles may discharge and cause terrible harm.
   It affects your intelligence (+5).
Armour
 g - a +0 pair of boots (worn)
   (You found it on level 3 of the Dungeon)
 j - a +2 cloak (worn)
   (You found it on level 1 of the Dungeon)
 s - a +0 pair of gloves (worn)
   (You found it on level 8 of the Dungeon)
 y - a +0 troll leather armour
   (You found it on level 9 of the Dungeon)
 A - the +2 ring mail "Zanesu" (worn) {rElec}
   (You took it off a goblin in a bailey)

   It insulates you from electricity.
 D - a +0 large shield
   (You found it on level 11 of the Dungeon)
 E - a +2 robe of cold resistance
   (You took it off Fannar on level 11 of the Dungeon)
Jewellery
 f - a ring of poison resistance (left hand)
   (You found it on level 1 of the Dungeon)
 l - an uncursed ring of flight
   (You found it in a bailey)
 z - a ring of see invisible (right hand)
   (You found it on level 6 of the Dungeon)
 B - an amulet of the acrobat (around neck)
   (You found it on level 4 of the Dungeon)
 C - an uncursed ring of ice
   (You found it on level 7 of the Dungeon)
 K - an uncursed ring of wizardry {unknown}
   (You found it on level 3 of the Lair of Beasts)
Wands
 d - a wand of iceblast (10)
   (You found it on level 10 of the Dungeon)
 i - a wand of enslavement (25)
   (You found it on level 8 of the Dungeon)
 t - a wand of flame (31)
   (You found it on level 7 of the Dungeon)
 u - a wand of paralysis (10)
   (You took it off Psyche on level 9 of the Dungeon)
 v - a wand of polymorph (22)
   (You found it on level 6 of the Dungeon)
 x - a wand of acid (3)
   (You found it on level 7 of the Dungeon)
Scrolls
 b - 6 scrolls of teleportation {@r4}
 m - 5 scrolls of remove curse {@r2}
 n - 3 scrolls of fog
 w - 9 scrolls of identify {@r1}
 G - a scroll of holy word {unknown}
Potions
 a - 7 potions of curing {@q1}
 h - 3 potions of flight
 k - 2 potions of resistance
 o - 2 potions of lignification {!q}
 p - 5 potions of brilliance
 q - a potion of might
 H - a potion of berserk rage
 J - a potion of heal wounds {unknown}
Comestibles
 e - 40 rations {!d}
 r - 6 chunks of flesh


   Skills:
 + Level 11.4 Fighting
 + Level 12.1 Axes
 + Level 10.5 Armour
 - Level 1.5 Dodging
 - Level 1.5 Stealth
 + Level 6.2 Shields
 - Level 5.0 Spellcasting
 - Level 5.0 Conjurations
 + Level 11.1 Fire Magic
 + Level 3.3 Evocations


You had 10 spell levels left.
You knew the following spells:

 Your Spells              Type           Power        Failure   Level  Hunger
a - Flame Tongue          Conj/Fire      #####        1%          1    None
b - Fireball              Conj/Fire      #####.....   24%         5    ######.
q - Sticky Flame          Conj/Fire      #####...     9%          4    ####...
x - Throw Flame           Conj/Fire      #####.       1%          2    #......

Your spell library contained the following spells:

 Spells                   Type           Power        Failure   Level  Hunger
 Conjure Flame            Conj/Fire      #####...     2%          3    ##.....
 Inner Flame              Hex/Fire       ####....     8%          3    ##.....
 Beastly Appendage        Tmut           #.....       24%         1    None
 Corona                   Hex            #......      24%         1    None
 Dazzling Spray           Conj/Hex       ##....       26%         3    ##.....
 Call Imp                 Summ           #.......     34%         2    #......
 Ensorcelled Hibernation  Hex/Ice        #.....       34%         2    #......
 Sticks to Snakes         Tmut           #.......     34%         2    #......
 Confuse                  Hex            #.......     56%         3    ##.....
 Spider Form              Tmut/Pois      #.........   56%         3    ##.....
 Tukima's Dance           Hex            #.......     56%         3    ##.....
 Ice Form                 Ice/Tmut       #.......     93%         4    ####...
 Irradiate                Conj/Tmut      ##........   93%         5    ######.
 Venom Bolt               Conj/Pois      ##........   93%         5    ######.
 Blade Hands              Tmut           #.........   100%        5    ######.
 Summon Demon             Summ           #.........   100%        5    ######.


Dungeon Overview and Level Annotations

Branches:
Dungeon (12/15)            Temple (1/1) D:4            Lair (3/6) D:9
 Shoals (0/4) Lair:3          Orc (0/2) D:12
  Snake: Lair:2-4    Spider: Lair:2-4

Altars:
Ashenzari
Cheibriados
Dithmenos
Elyvilon
Fedhas
Gozag
Hepliaklqana
Kikubaaqudgha
Makhleb
Nemelex Xobeh
Okawaru
Qazlal
Ru
Sif Muna
Trog
Uskayaw
Vehumet
Wu Jian
Xom
Yredelemnul
Zin
The Shining One

Shops:
D:4 (   D:10 %

Annotations:
D:8 Heatsaber's ghost, novice VSSk


Message History

A seven-headed hydra is nearby!
Aim: a seven-headed hydra (lightly wounded)
The bolt of acid hits the seven-headed hydra.
The seven-headed hydra is splashed with acid.
Aim: a seven-headed hydra (moderately wounded)
The bolt of acid hits the seven-headed hydra.
The seven-headed hydra is splashed with acid.
The acid corrodes the seven-headed hydra!
You feel sick.
You are no longer poisoned.
Aim: a seven-headed hydra (heavily wounded, covered in acid)
The sticky flame hits the seven-headed hydra.
The seven-headed hydra is covered in liquid flames!
The seven-headed hydra burns!
The seven-headed hydra bites you!
* * * LOW HITPOINT WARNING * * *
You feel protected from physical attacks.
The seven-headed hydra bites you.
* * * LOW HITPOINT WARNING * * *
You feel more protected from physical attacks.
The seven-headed hydra misses you.
You block the seven-headed hydra's attack.
The seven-headed hydra completely misses you.
The seven-headed hydra bites you but does no damage.
The seven-headed hydra bites you!
* * * LOW HITPOINT WARNING * * *
Something shouts, "Slither hence, thou bootless guts-griping pignut!"
The seven-headed hydra burns!
You see here a spiny frog corpse.
The seven-headed hydra burns!
The seven-headed hydra burns!
Found 29 arrows.
The seven-headed hydra burns!
Found 22 gold pieces.
The seven-headed hydra burns!
The seven-headed hydra burns!
The seven-headed hydra is no longer covered in acid.
The seven-headed hydra burns!
You hear the faint crackling of a distant melting archway.
You hear a shout! x3
The seven-headed hydra burns!
The seven-headed hydra burns!
The seven-headed hydra stops burning.
The seven-headed hydra bites you.
* * * LOW HITPOINT WARNING * * *
You block the seven-headed hydra's attack.
The seven-headed hydra closely misses you.
The seven-headed hydra bites you.
* * * LOW HITPOINT WARNING * * *
You feel more protected from physical attacks.
The seven-headed hydra bites you.
You die...

.... ...#...#...#......##
.... #...#..#....#......#
#....##..##..##.........##
#...#...##..#..........#
#..........#P..........#
#.....................##
#...P..P#..##.........#
#....§.##.........P#
#..#..@##..........#
#..#..D##..........#
#..##.§#..........# ..
#†.#.§............ ....
#..#...##).......
.....#..##§..# ...
...#...##..#.....
............#P....
..(.........# ....


You could see a seven-headed hydra.

Vanquished Creatures
  Erolcha (D:12)
  Fannar (D:11)
  Erica (D:8)
  2 two-headed ogres
  Urug (Lair:2)
  Nergalle (D:11)
  A sixfirhy (D:12)
  Pikel (D:6)
  2 orc knights (Bailey)
  A cyclops (D:12)
  An ugly thing (D:12)
  Psyche (D:9)
  A black mamba (Lair:2)
  2 spiny frogs
  2 komodo dragons
  2 rime drakes (Lair:1)
  A troll (D:9)
  Prince Ribbit (D:8)
  5 slime creatures (D:12)
  4 hippogriffs
  A wyvern (Lair:3)
  15 yaks
  A shadow (D:11)
  A human (D:7)
  A wraith (D:11)
  4 hogs (D:7)
  Grum (D:7)
  2 basilisks
  Menkaure (D:4)
  2 steam dragons
  3 wargs
  4 water moccasins
  A porcupine (Lair:1)
  3 black bears
  4 orc warriors
  The ghost of sbiou the Ruffian, an amateur TrWr (D:4)
  3 sky beasts
  3 ice beasts
  A necrophage (D:7)
  4 phantoms
  8 ogres
  5 wolves
  3 crocodiles
  14 centaurs
  5 big kobolds
  Blork the orc (D:6)
  13 bullfrogs
  3 scorpions
  11 killer bees
  9 wights
  2 electric eels (D:9)
  5 howler monkeys
  11 crimson imps
  3 bullfrog zombies
  7 hounds
  A quasit (D:7)
  2 jellies
  2 centaur skeletons
  9 orc priests
  19 orc wizards
  3 iguanas
  6 worker ants
  3 hound skeletons
  A howler monkey zombie (D:7)
  A worker ant zombie (D:10)
  8 gnolls
  11 adders
  2 shadow imps
  An ooze (D:1)
  An adder skeleton (D:9)
  A worm (D:7)
  2 dart slugs
  4 leopard geckos
  63 orcs
  A ball python (D:8)
  7 bats
  5 giant cockroaches
  13 goblins
  9 hobgoblins
  4 jackals (D:4)
  46 kobolds
  A quokka (D:6)
  4 frilled lizards
  11 rats
  2 fungi (Lair:2)
431 creatures vanquished.

Notes
Turn   | Place    | Note
-------+----------+-------------------------------------------
     0 | D:1      | MalarOregon the Hill Orc Fire Elementalist began the quest
                  | for the Orb.
     0 | D:1      | Reached XP level 1. HP: 14/14 MP: 3/3
    75 | D:1      | Reached XP level 2. HP: 15/22 MP: 0/4
   231 | D:1      | Reached skill level 1 in Fighting
   312 | D:1      | Reached skill level 1 in Armour
   338 | D:1      | Reached XP level 3. HP: 23/28 MP: 0/5
   965 | D:2      | Reached XP level 4. HP: 36/36 MP: 0/7
  1240 | D:2      | Found a bloodstained altar of Trog.
  1650 | D:3      | Reached XP level 5. HP: 41/41 MP: 0/8
  2242 | D:3      | Reached skill level 1 in Axes
  2579 | D:3      | Found an iron altar of Okawaru.
  2607 | D:3      | Reached XP level 6. HP: 50/50 MP: 4/9
  3020 | D:4      | Reached skill level 2 in Axes
  3225 | D:4      | Reached XP level 7. HP: 29/57 MP: 0/11
  3478 | D:4      | Found Loofuirosy's Antique Weapon Boutique.
  3613 | D:4      | Learned a level 2 spell: Throw Flame
  3618 | D:4      | Learned a level 4 spell: Sticky Flame
  3620 | D:4      | Found a staircase to the Ecumenical Temple.
  3625 | Temple   | Entered the Ecumenical Temple
  3800 | Temple   | Became a worshipper of Qazlal Stormbringer
  3972 | D:4      | Reached skill level 3 in Axes
  4047 | D:4      | Found a transporter.
  4047 | D:4      | Noticed sbiou's ghost (amateur TrWr)
  4197 | D:4      | Reached skill level 5 in Fire Magic
  4432 | D:4      | Found a transporter.
  4474 | D:4      | Noticed Menkaure
  4482 | D:4      | Killed Menkaure
  4482 | D:4      | Reached XP level 8. HP: 11/67 MP: 6/12
  4852 | D:4      | Reached skill level 4 in Axes
  4860 | D:4      | Reached * piety under Qazlal
  4888 | D:4      | Found a glowing golden altar of the Shining One.
  5139 | D:4      | Killed sbiou's ghost
  5179 | D:5      | Entered Level 5 of the Dungeon
  5298 | D:5      | Learned a level 5 spell: Fireball
  5357 | D:5      | Reached skill level 5 in Fighting
  5400 | D:5      | Reached skill level 5 in Axes
  5755 | D:6      | Noticed Pikel
  5769 | D:6      | Killed Pikel
  5769 | D:6      | Reached skill level 5 in Armour
  5769 | D:6      | Reached XP level 9. HP: 57/74 MP: 6/15
  6161 | D:6      | Noticed Blork the orc
  6170 | D:6      | Killed Blork the orc
  6170 | D:6      | Reached skill level 5 in Conjurations
  6558 | D:7      | Found a shimmering altar of Xom.
  6579 | D:7      | Reached skill level 6 in Axes
  7344 | D:7      | Found a snail-covered altar of Cheibriados.
  7491 | D:7      | Reached skill level 7 in Axes
  7491 | D:7      | Reached XP level 10. HP: 45/84 MP: 1/17
  7502 | D:7      | Reached ** piety under Qazlal
  7812 | D:7      | Found a basalt altar of Yredelemnul.
  7836 | D:7      | Found a blossoming altar of Fedhas.
  8050 | D:8      | Noticed Grum
  8188 | D:7      | HP: 1/86 [Grum/halberd (18)]
  8313 | D:7      | Killed Grum
  8631 | D:8      | Noticed Erica
  8652 | D:8      | Reached skill level 5 in Spellcasting
  9206 | D:8      | Killed Erica
  9206 | D:8      | Reached skill level 8 in Axes
  9235 | D:8      | Noticed Prince Ribbit
  9247 | D:8      | Killed Prince Ribbit
  9540 | D:8      | Found a shadowy altar of Dithmenos.
  9593 | D:8      | Found a large runed door.
  9594 | D:8      | Found a large runed door.
  9596 | D:8      | Noticed Heatsaber's ghost (novice VSSk)
 10189 | D:9      | Reached *** piety under Qazlal
 10256 | D:9      | Reached skill level 9 in Axes
 10256 | D:9      | Reached XP level 11. HP: 61/95 MP: 2/18
 10519 | D:9      | Found a staircase to the Lair.
 10590 | D:9      | Found a glowing silver altar of Zin.
 10592 | D:9      | Noticed Psyche
 10598 | D:9      | Paralysed by Psyche for 6 turns
 10607 | D:9      | Killed Psyche
 11227 | D:10     | Entered Level 10 of the Dungeon
 11297 | D:10     | Found an opulent altar of Gozag.
 11420 | D:10     | Reached **** piety under Qazlal
 11639 | D:10     | Found Oqoizeqo's Food Emporium.
 12049 | D:11     | Found a hazy altar of Hepliaklqana.
 12103 | D:11     | Reached skill level 10 in Axes
 12218 | D:11     | Reached skill level 1 in Shields
 12389 | D:11     | Reached ***** piety under Qazlal
 12495 | D:11     | Noticed a two-headed ogre
 12506 | D:11     | Killed a two-headed ogre
 12703 | D:11     | Reached skill level 10 in Fighting
 12732 | D:11     | Reached XP level 12. HP: 20/106 MP: 0/19
 13035 | D:12     | Noticed Fannar
 13053 | D:11     | Killed Fannar
 13053 | D:11     | Reached skill level 10 in Fire Magic
 13215 | D:12     | Found a staircase to the Orcish Mines.
 13227 | D:12     | Noticed Erolcha
 13244 | D:12     | Paralysed by Erolcha for 2 turns
 13247 | D:12     | Killed Erolcha
 13247 | D:12     | Reached skill level 11 in Axes
 13303 | D:12     | Noticed Nergalle
 13324 | D:12     | Found a runed door.
 13462 | D:11     | Killed Nergalle
 13547 | D:12     | Found a flagged portal.
 13611 | Bailey   | Entered a bailey
 13855 | Bailey   | Reached skill level 10 in Armour
 13870 | Bailey   | Reached skill level 1 in Evocations
 13892 | Bailey   | Got a translucent ring mail
 13900 | Bailey   | Got an encrusted hand crossbow
 13933 | Bailey   | Identified the Papyrus of Conjuration and the Escort
 14160 | D:12     | Noticed a two-headed ogre
 14172 | D:12     | Killed a two-headed ogre
 14172 | D:12     | Reached skill level 5 in Shields
 14694 | D:9      | Identified the +2 ring mail "Zanesu" {rElec} (You took it
                  | off a goblin in a bailey)
 14704 | D:9      | Identified the cursed +2 hand crossbow of Quick Death
                  | {elec, Int+5} (You took it off a kobold in a bailey)
 14722 | Lair:1   | Entered Level 1 of the Lair of Beasts
 14784 | Lair:1   | Reached ****** piety under Qazlal
 15481 | Lair:2   | Reached XP level 13. HP: 94/116 MP: 20/20
 15498 | Lair:2   | Reached skill level 12 in Axes
 15557 | Lair:2   | Noticed Urug
 15575 | Lair:2   | Killed Urug
 16184 | Lair:3   | Found a staircase to the Shoals.
 16275 | Lair:3   | HP: 2/116 [seven-headed hydra (8)]
 16288 | Lair:3   | HP: 5/116 [seven-headed hydra (1)]
 16288 | Lair:3   | HP: 1/116 [seven-headed hydra (4)]
 16288 | Lair:3   | Slain by a seven-headed hydra

Skill      XL: |  1  2  3  4  5  6  7  8  9 10 11 12 13 |
---------------+----------------------------------------+-----
Fighting       | 1 2 3 4 5 6 8 10 11 | 11.4
Armour         | 1 2 3 5 6 7 9 10 | 10.5
Spellcasting   | 2 3 4 5 |  5.0
Conjurations   | 2 3 4 5 |  5.0
Fire Magic     | 4 5 6 7 8 9 10 11 | 11.1
Axes           | 1 2 3 5 7 9 10 11 12 | 12.1
Shields        | 3 5 6 |  6.2
Evocations     | 2 3 |  3.3
Dodging        | |  1.5
Stealth        | |  1.5

Action                   |  1- 3 |  4- 6 |  7- 9 | 10-12 | 13-15 || total
-------------------------+-------+-------+-------+-------+-------++-------
Melee: Short sword       |    54 |     9 |       |       |       ||    63
       Hand axe          |       |    97 |   177 |   800 |    75 ||  1149
 Cast: Flame Tongue      |    26 |   102 |   161 |   166 |       ||   455
       Sticky Flame      |       |       |     8 |    40 |     7 ||    55
       Throw Flame       |       |       |     2 |    27 |       ||    29
       Fireball          |       |       |       |     4 |       ||     4
 Abil: Evoke Flight      |       |       |       |     4 |       ||     4
       Stop Flying       |       |       |       |     2 |       ||     2
Evoke: Wand              |       |       |       |       |     4 ||     4
  Use: Scroll            |       |    11 |     3 |    11 |       ||    25
       Potion            |       |       |     1 |     2 |       ||     3
 Stab: Sleeping          |     4 |       |       |       |       ||     4
  Eat: Chunk             |       |     9 |    16 |    33 |     4 ||    62
       Ration            |       |       |       |     1 |       ||     1
Armor: Robe              |    17 |       |       |       |       ||    17
       Ring mail         |     4 |    80 |   115 |    77 |    18 ||   294
       Troll leather arm |       |       |       |   232 |       ||   232
Dodge: Dodged            |    35 |    96 |   138 |   485 |    26 ||   780
       Deflected         |       |       |       |    23 |       ||    23
Block: Other             |       |       |     9 |   198 |    17 ||   224
